 Dungeon Crawl Stone Soup version 0.30-a0-305-g026cb31310 (webtiles) character file.

Game seed: 6096674925071579285

48151 greenreed the Thaumaturge (level 14, 0/106 (108) HPs)
             Began as a Gnoll Summoner on Oct 21, 2022.
             Was a High Priest of Sif Muna.
             Slain by a minotaur
             ... wielding the +7 war axe of Dominance {freeze, Contam rN+ MP+9 Stlth+}
              (7 damage)
             ... in a Gauntlet on Oct 22, 2022.
             The game lasted 01:23:58 (18807 turns).

greenreed the Thaumaturge (Gnoll Summoner)         Turns: 18807, Time: 01:24:04

HP:   0/106 (108)   AC: 12    Str:  5    XL:     14   Next: 45%
MP:   33/38         EV: 17    Int: 37    God:    Sif Muna [*****.]
Gold: 2658          SH:  5    Dex: 15    Spells: 0/34 levels left

rFire   + . .      SeeInvis .    u - +12 sling "Sypuisoi" {drain, Str+2}
rCold   . . .      Faith    .    (no shield)
rNeg    . . .      Spirit   .    G - +2 robe {Will+}
rPois   .          Reflect  +    T - +3 hat of Pondering {ponderous, Will+ MP+10 Int+5}
rElec   +          Harm     .    d - +3 cloak "Erchoapru" {Int+6}
rCorr   +          Rampage  .    (no gloves)
Will    ++++.      NoTele   +    (no boots)
Stlth   +++++.....               q - amulet of reflection
HPRegen 0.37/turn                h - ring "Giddeeff" {Wiz rElec rCorr Dex+2}
MPRegen 0.26/turn                L - ring "Mupn" {rF+ Will+ Str-4 Int+6}

@: lightly drained, slow
A: fangs 1, strong nose, distributed training
a: Renounce Religion, Channel Magic, Forget Spell, Divine Exegesis


You were in a Gauntlet.
You worshipped Sif Muna.
Sif Muna was extremely pleased with you.
You visited 3 branches of the dungeon, and saw 17 of its levels.
You also visited: Gauntlet.

You collected 2898 gold pieces.
You spent 240 gold pieces at shops.

Inventory:

Hand Weapons
 l - a +0 demon whip of venom
 u - the +12 sling "Sypuisoi" (weapon) {drain, Str+2}
   (You found it on level 5 of the Dungeon)

   A truly terrible weapon, it drains the life of any living foe it strikes.
   Str:       It affects your strength (+2).
 I - a +2 trident of protection
Missiles
 y - 42 poisoned darts
 R - 3 atropa-tipped darts
Armour
 d - the +3 cloak "Erchoapru" (worn) {Int+6}
   (You acquired it on level 9 of the Dungeon)

   Int:       It affects your intelligence (+6).
 G - a +2 robe of willpower (worn)
 K - a +2 ring mail of fire resistance
 T - the +3 hat of Pondering (worn) {ponderous, Will+ MP+10 Int+5}
   (You took it off Gastronok on level 11 of the Dungeon)

   Int:       It affects your intelligence (+5).
   MP:        It affects your magic capacity (+10).
   Will:      It increases your willpower.
Magical Staves
 N - a staff of air
Jewellery
 c - a ring of magical power
 h - the ring "Giddeeff" (left hand) {Wiz rElec rCorr Dex+2}
   (You acquired it on level 9 of the Dungeon)

   [ring of wizardry]

   It improves your spell success rate.
   Dex:       It affects your dexterity (+2).
   rElec:     It insulates you from electricity.
   rCorr:     It protects you from acid and corrosion.
 q - an amulet of reflection (around neck)
 s - a ring of see invisible
 x - an amulet of guardian spirit
 H - a +6 ring of dexterity
 L - the ring "Mupn" (right hand) {rF+ Will+ Str-4 Int+6}
   (You took it off a meliai on level 10 of the Dungeon)

   [ring of intelligence]

   Str:       It affects your strength (-4).
   Int:       It affects your intelligence (+6).
   rF:        It protects you from fire.
   Will:      It increases your willpower.
 M - the ring "Riluv" {rPois rN+ Int+4}
   (You took it off an efreet on level 10 of the Dungeon)

   [ring of positive energy]

   Int:       It affects your intelligence (+4).
   rPois:     It protects you from poison.
   rN:        It protects you from negative energy.
 O - the ring "Ralurch" {rPois Will+ Str+4}
   (You took it off an efreet on level 10 of the Dungeon)

   [ring of willpower]

   Str:       It affects your strength (+4).
   rPois:     It protects you from poison.
   Will:      It increases your willpower.
 P - the ring "Fovesh" {Fly Int+7}
   (You took it off a tengu warrior on level 10 of the Dungeon)

   [ring of flight]

   Int:       It affects your intelligence (+7).
   Fly:       It grants you flight.
 V - a +6 ring of strength
 W - a +6 ring of intelligence
 X - a ring of protection from fire
 Z - the ring of Roc Noaluc {rF+ rC- rN+ Dex+8}
   (You found it in a Gauntlet)

   [ring of positive energy]

   Dex:       It affects your dexterity (+8).
   rF:        It protects you from fire.
   rC:        It makes you vulnerable to cold.
   rN:        It protects you from negative energy.
Wands
 a - a wand of polymorph (11)
 j - a wand of roots (5)
 k - a wand of flame (28)
 D - a wand of light (9)
 U - a wand of paralysis (5)
Scrolls
 f - a scroll of immolation {unknown}
 i - 7 scrolls of teleportation
 m - 3 scrolls of fear
 t - 5 scrolls of enchant weapon
 z - 3 scrolls of amnesia {unknown}
 A - 3 scrolls of poison {unknown}
 C - 4 scrolls of enchant armour
 E - a scroll of summoning {unknown}
Potions
 b - 3 potions of magic
 e - 5 potions of attraction
 g - 4 potions of lignification {unknown}
 n - 10 potions of flight
 o - 4 potions of ambrosia {unknown}
 p - 2 potions of resistance {unknown}
 r - 2 potions of brilliance {unknown}
 v - 3 potions of mutation
 w - a potion of berserk rage {unknown}
 B - 2 potions of might {unknown}
 J - 5 potions of heal wounds
 Q - 2 potions of curing
 S - 3 potions of invisibility
 Y - a potion of haste


   Skills:
 + Level 9.6 Fighting
 + Level 9.6 Short Blades
 + Level 9.6 Long Blades
 + Level 9.6 Axes
 + Level 9.6 Maces & Flails
 + Level 9.6 Polearms
 + Level 9.6 Staves
 + Level 9.6 Ranged Weapons
 + Level 9.6 Throwing
 + Level 9.6 Armour
 + Level 10.6 Dodging
 + Level 10.5 Stealth
 + Level 9.6 Shields
 + Level 9.6 Unarmed Combat
 + Level 10.8 Spellcasting
 + Level 8.0 Conjurations
 + Level 8.0 Hexes
 + Level 10.7 Summonings
 + Level 8.0 Necromancy
 + Level 8.0 Translocations
 + Level 8.0 Transmutations
 + Level 8.0 Fire Magic
 + Level 8.0 Ice Magic
 + Level 8.0 Air Magic
 + Level 8.0 Earth Magic
 + Level 8.0 Poison Magic
 + Level 10.4 Invocations
 + Level 9.6 Evocations


You couldn't memorise any spells.
You knew the following spells:

 Your Spells              Type           Power      Damage    Failure   Level
a - Summon Small Mammal   Summ           100%       N/A       1%          1
b - Call Imp              Summ           79%        N/A       1%          2
c - Call Canine Familiar  Summ           79%        N/A       1%          3
d - Hailstorm             Conj/Ice       68%        3d14      1%          3
e - Inner Flame           Hex/Fire       68%        N/A       1%          3
f - Poisonous Vapours     Pois/Air       100%       N/A       1%          2
g - Summon Lightning Spi  Summ/Air       74%        N/A       1%          4
h - Kindle Blastsparks    Fire/Tloc/Air  100%       2d18      1%          3
i - Mephitic Cloud        Conj/Pois/Air  68%        N/A       1%          3
j - Anguish               Hex/Necr       34%        N/A       1%          4
k - Dispersal             Tloc           34%        N/A       4%          6

Your spell library contained the following spells:

 Spells                   Type           Power      Damage    Failure   Level
 Beastly Appendage        Tmut           100%       N/A       1%          1
 Freeze                   Ice            100%       1d10      1%          1
 Magic Dart               Conj           100%       1d8       1%          1
 Cigotuvi's Dreadful Rot  Necr/Pois/Air  100%       N/A       1%          2
 Ensorcelled Hibernation  Hex/Ice        100%       N/A       1%          2
 Passwall                 Tmut/Erth      56%        N/A       1%          2
 Wereblood                Tmut           68%        N/A       1%          2
 Frozen Ramparts          Ice            100%       1d16      1%          3
 Gell's Gravitas          Tloc           68%        N/A       1%          3
 Ignite Poison            Fire/Tmut/Pois 68%        N/A       1%          3
 Lesser Beckoning         Tloc           100%       N/A       1%          3
 Ozocubu's Armour         Ice            68%        N/A       1%          3
 Portal Projectile        Hex/Tloc       100%       N/A       1%          3
 Spider Form              Tmut/Pois      68%        N/A       1%          3
 Summon Guardian Golem    Hex/Summ       74%        N/A       1%          3
 Teleport Other           Tloc           68%        N/A       1%          3
 Tukima's Dance           Hex            68%        N/A       1%          3
 Animate Dead             Necr           68%        N/A       1%          4
 Cause Fear               Hex            34%        N/A       1%          4
 Ice Form                 Ice/Tmut       68%        N/A       1%          4
 Manifold Assault         Tloc           68%        N/A       1%          4
 Borgnjor's Vile Clutch   Necr/Erth      34%        N/A       1%          5
 Freezing Cloud           Conj/Ice/Air   34%        6-21      1%          5
 Lee's Rapid Deconstruct  Erth           34%        3d17*     1%          5
 Metabolic Englaciation   Hex/Ice        34%        N/A       1%          5
 Death Channel            Necr           34%        N/A       4%          6
 Simulacrum               Ice/Necr       34%        N/A       4%          6
 Discord                  Hex            34%        N/A       86%         8
 Disjunction              Tloc           34%        N/A       86%         8
 Lehudib's Crystal Spear  Conj/Erth      34%        10d9      86%         8
 Chain Lightning          Conj/Air       34%        3d45      100%        9
 Fire Storm               Conj/Fire      34%        8d9       100%        9


Dungeon Overview and Level Annotations

Branches:
Dungeon (12/15)            Temple (1/1) D:4            Lair (4/5) D:8
 Shoals (0/4) Lair:2        Snake (0/4) Lair:2          Orc (0/2) D:9
Gauntlet (1/1)
  Slime: Lair:4-5

Altars:
Ashenzari
Cheibriados
Dithmenos
Elyvilon
Fedhas
Gozag
Hepliaklqana
Kikubaaqudgha
Makhleb
Nemelex Xobeh
Okawaru
Qazlal
Ru
Sif Muna
Trog
Uskayaw
Vehumet
Wu Jian
Xom
Yredelemnul
Zin
The Shining One

Shops:
D:3 !   D:10 !

Annotations:
Gauntlet 4 transporters


Innate Abilities, Weirdness & Mutations

You have very sharp teeth.
Your uncanny sense of smell can sniff out nearby items.
Your experience applies equally to all skills.


Message History

Confirm with . or Enter, or press ? or * to list all spells.
An electric hum fills the air.
The minotaur is engulfed in noxious fumes.
The minotaur is engulfed in noxious fumes.
The minotaur appears confused.
The minotaur unwields a +1 sling of flaming.
It stops flaming.
The minotaur wields the +7 war axe of Dominance {freeze, Contam rN+ MP+9 Stlth+}.
It glows with a cold blue light!
The minotaur hits you with the +7 war axe of Dominance {freeze, Contam rN+ MP+9 Stlth+}!!
The minotaur freezes you! The minotaur gores you!
The minotaur hits itself with the +7 war axe of Dominance {freeze, Contam rN+ MP+9 Stlth+}!
The minotaur freezes itself.
The minotaur gores itself but does no damage.
You are too injured to fight recklessly!
Fire: u) +12 sling "Sypuisoi" {drain, Str+2}
Press: ? - help, Q - select action, (/) - cycle Shift-Dir - straight line, f/p - minotaur
Aim: a minotaur, wielding the +7 war axe of Dominance {freeze, Contam rN+ MP+9 Stlth+}, wearing a +0 chain mail and quivering javelins (noxious fumes, moderately wounded, confused, ally target, 90% to hit)
You shoot a sling bullet. The sling bullet hits the minotaur.
The minotaur is moderately wounded.
The minotaur is engulfed in noxious fumes.
Your lightning spire shoots out a bolt of lightning at the minotaur!
The bolt of electricity hits the minotaur!
Fire: u) +12 sling "Sypuisoi" {drain, Str+2}
Press: ? - help, Q - select action, (/) - cycle Shift-Dir - straight line, f/p - minotaur
Aim: a minotaur, wielding the +7 war axe of Dominance {freeze, Contam rN+ MP+9 Stlth+}, wearing a +0 chain mail and quivering javelins (moderately wounded, confused, ally target, 90% to hit)
You shoot a sling bullet. The sling bullet hits the minotaur!
The minotaur is heavily wounded.
Your lightning spire shoots out a bolt of lightning at the minotaur!
The bolt of electricity hits the minotaur!!
Fire: u) +12 sling "Sypuisoi" {drain, Str+2}
Press: ? - help, Q - select action, (/) - cycle Shift-Dir - straight line, f/p - minotaur
Aim: a minotaur, wielding the +7 war axe of Dominance {freeze, Contam rN+ MP+9 Stlth+}, wearing a +0 chain mail and quivering javelins (severely wounded, confused, ally target, 90% to hit)
You shoot a sling bullet. The sling bullet hits the minotaur!
The minotaur is severely wounded.
The minotaur seems less confused.
The minotaur hits you with the +7 war axe of Dominance {freeze, Contam rN+ MP+9 Stlth+}!!!
* * * LOW HITPOINT WARNING * * *
The minotaur freezes you!
You die...

.................................
≈≈#...8⌠8..8∩8..8⌠8...#≈≈≈#≈≈≈#≈≈
≈###.................###≈###≈###≈
## ################### ### ### ##
#≈...............≈##
#≈≈..8©8©8©8©8©8..≈≈#
##≈...............≈##
#####.###.###.##### #.###.###@###
......8..H..# ##.###.###.#
............# #####'####### #. .
∆ ∆'⌠ ## ∆


You could see a minotaur (ally target) and a friendly lightning spire
(summoned).

Vanquished Creatures
  Gastronok (D:11)
  A hydra (Lair:3)
  A two-headed ogre (D:11)
  A death scarab (Gauntlet)
  A deep elf pyromancer (D:12)
  A cyclops (D:12)
  2 black mambas
  A merfolk siren (Lair:2)
  Maggie (Lair:2)
  2 large abominations (Gauntlet)
  3 elephants (Lair:2)
  3 cane toads
  2 komodo dragons
  A troll (D:11)
  10 blink frogs
  A spectral dream sheep (Gauntlet)
  Sigmund (D:5)
  3 small abominations (Gauntlet)
  A wyvern (Lair:4)
  A vampire (D:10)
  3 basilisks
  19 yaks
  2 humans (D:7)
  A hog (Lair:4)
  A steam dragon (D:7)
  2 redbacks (Gauntlet)
  A vampire mosquito (D:12)
  2 acid dragons
  19 water moccasins
  An ice beast (D:8)
  4 orc warriors
  4 black bears
  2 ogres
  3 centaurs
  5 wolves
  A kobold brigand (D:7)
  5 bullfrogs
  A necrophage (D:6)
  2 gnoll sergeants (D:9)
  2 scorpions
  5 wights
  10 killer bees
  A howler monkey (D:6)
  An electric eel (Lair:2)
  A centaur zombie (D:6)
  A lava snake (Lair:3)
  3 orc priests
  4 hounds
  A jelly (D:6)
  An iguana (D:5)
  3 hell rats (Lair:3)
  6 orc wizards
  3 adders
  14 gnolls
  2 white imps
  21 orcs
  2 ball pythons
  7 endoplasms
  3 goblins
  4 hobgoblins
  A jackal (D:2)
  5 kobolds
  A quokka (D:3)
  A bat (D:2)
  6 rats
225 creatures vanquished.

Vanquished Creatures (collateral kills)
  Kirke (Lair:4)
  The ghost of Ekaitz the Reanimator, a journeyman DsNe of Makhleb (D:11)
  An ice dragon (Lair:2)
  A boulder beetle (Lair:2)
  2 two-headed ogres
  A death scarab (Gauntlet)
  A tengu warrior (D:10)
  4 death yaks (Gauntlet)
  A spectral catoblepas (Gauntlet)
  A skeletal warrior (D:10)
  A spectral death yak (Gauntlet)
  Amaemon (Lair:2)
  Pikel (D:7)
  A necromancer (Gauntlet)
  2 ugly things
  2 oklob plants
  A moth of wrath (Gauntlet)
  A deep elf pyromancer (D:10)
  3 elephants (Lair:2)
  2 molten gargoyles (Lair:3)
  A gargoyle (D:10)
  2 black mambas
  An orange demon (Lair:2)
  2 cane toads (Lair:1)
  2 unseen horrors
  A kobold demonologist (D:11)
  Psyche (D:11)
  2 efreet (D:10)
  A troll (D:12)
  2 meliai (D:10)
  7 blink frogs
  2 vampires
  15 yaks
  A wraith (D:10)
  3 small abominations (Gauntlet)
  A wyvern (D:10)
  3 hogs (Lair:4)
  A basilisk (Lair:3)
  2 redbacks (Gauntlet)
  4 vampire mosquitoes
  A steam dragon (D:5)
  A spectral cane toad (Gauntlet)
  An acid dragon (Gauntlet)
  2 water moccasins
  An orc warrior (D:7)
  A sky beast (D:8)
  An ogre (D:5)
  6 wolves
  A lemure (D:7)
  2 kobold brigands
  A wyvern zombie (D:6)
  4 necrophages
  A gnoll sergeant (D:6)
  4 scorpions
  A wight (D:9)
  7 killer bees
  An electric eel (Lair:2)
  4 lava snakes (Lair:3)
  A human zombie (D:6)
  2 jellies (D:5)
  2 bullfrog zombies (D:6)
  2 centaur zombies (D:6)
  An orc priest (D:4)
  3 iguanas
  A hell rat (Lair:3)
  2 orc wizards
  2 killer bee zombies (D:6)
  A mummy (D:6)
  6 gnolls
  An adder (D:3)
  A white imp (D:6)
  A worm (D:2)
  A dart slug (D:4)
  8 orcs
  2 ball pythons (D:1)
  2 bats
  An endoplasm (D:1)
  A giant cockroach (D:1)
  3 goblins
  3 hobgoblins (D:2)
  7 jackals
  9 kobolds
  A quokka (D:4)
  A frilled lizard (D:2)
  3 rats
191 creatures vanquished.

Vanquished Creatures (others)
  A death yak (Gauntlet)
  An orc warrior (D:9)
  A gnoll (D:6)
  A kobold (D:11)
  30 fungi
  27 plants
  A withered plant (Gauntlet)
62 creatures vanquished.

Grand Total: 478 creatures vanquished

Notes
Turn   | Place    | Note
-------+----------+-------------------------------------------
     0 | D:1      | greenreed the Gnoll Summoner began the quest for the Orb.
     0 | D:1      | Reached XP level 1. HP: 13/13 MP: 6/6
    37 | D:1      | Found a faded altar of an unknown god.
   110 | D:1      | Reached XP level 2. HP: 19/19 MP: 7/7
   113 | D:1      | Learned a level 2 spell: Call Imp
  1018 | D:2      | Reached skill level 5 in Spellcasting
  1018 | D:2      | Reached XP level 3. HP: 22/25 MP: 4/9
  1196 | D:2      | Reached skill level 1 in Invocations
  1571 | D:2      | Reached skill level 1 in Fighting
  1571 | D:2      | Reached skill level 1 in Short Blades
  1571 | D:2      | Reached skill level 1 in Long Blades
  1571 | D:2      | Reached skill level 1 in Axes
  1571 | D:2      | Reached skill level 1 in Maces & Flails
  1571 | D:2      | Reached skill level 1 in Polearms
  1571 | D:2      | Reached skill level 1 in Staves
  1571 | D:2      | Reached skill level 1 in Ranged Weapons
  1571 | D:2      | Reached skill level 1 in Throwing
  1571 | D:2      | Reached skill level 1 in Armour
  1571 | D:2      | Reached skill level 1 in Shields
  1571 | D:2      | Reached skill level 1 in Unarmed Combat
  1571 | D:2      | Reached skill level 1 in Evocations
  1595 | D:2      | Identified the +2 leather armour of Plasticity {Str+2}
  1601 | D:2      | Learned a level 3 spell: Call Canine Familiar
  1748 | D:3      | Found Hojekoj's Distillery.
  1756 | D:3      | Bought a potion of curing for 36 gold pieces
  1756 | D:3      | Bought a potion of heal wounds for 60 gold pieces
  1925 | D:3      | Reached XP level 4. HP: 29/32 MP: 1/11
  1952 | D:3      | Reached skill level 1 in Conjurations
  1952 | D:3      | Reached skill level 1 in Hexes
  1952 | D:3      | Reached skill level 1 in Necromancy
  1952 | D:3      | Reached skill level 1 in Translocations
  1952 | D:3      | Reached skill level 1 in Transmutations
  1952 | D:3      | Reached skill level 1 in Fire Magic
  1952 | D:3      | Reached skill level 1 in Ice Magic
  1952 | D:3      | Reached skill level 1 in Air Magic
  1952 | D:3      | Reached skill level 1 in Earth Magic
  1952 | D:3      | Reached skill level 1 in Poison Magic
  2062 | D:3      | Noticed a black bear
  2072 | D:3      | Killed a black bear
  2073 | D:3      | Reached XP level 5. HP: 37/37 MP: 6/12
  2318 | D:3      | Found an ornate altar of the Wu Jian Council.
  2513 | D:4      | Reached XP level 6. HP: 44/44 MP: 9/14
  2616 | D:4      | Reached skill level 5 in Dodging
  2872 | D:4      | Reached XP level 7. HP: 45/50 MP: 10/15
  2994 | D:4      | Found a staircase to the Ecumenical Temple.
  3007 | Temple   | Entered the Ecumenical Temple
  3007 | Temple   | Found a transporter.
  3007 | Temple   | Found a transporter.
  3009 | Temple   | Found a transporter.
  3009 | Temple   | Found a transporter.
  3043 | Temple   | Became a worshipper of Sif Muna the Loreminder
  3123 | D:4      | Found a sacrificial altar of Ru.
  3396 | D:5      | Entered Level 5 of the Dungeon
  3445 | D:5      | Noticed Sigmund
  3469 | D:5      | HP: 1/51 [something/bolt of light (12)]
  3493 | D:5      | HP: 1/51 [something/puff of flame (7)]
  3685 | D:5      | Reached skill level 5 in Stealth
  3749 | D:5      | Learned a level 3 spell: Hailstorm
  3895 | D:5      | Identified the +12 sling "Sypuisoi" {drain, Str+2}
  3999 | D:5      | Found a snail-covered altar of Cheibriados.
  4125 | D:5      | Reached XP level 8. HP: 47/58 MP: 12/16
  4276 | D:5      | Learned a level 3 spell: Inner Flame
  4767 | D:6      | Reached * piety under Sif Muna
  4846 | D:5      | Killed Sigmund
  5298 | D:6      | Reached XP level 9. HP: 65/65 MP: 18/18
  5312 | D:6      | Learned a level 2 spell: Poisonous Vapours
  5484 | D:6      | Found a basalt altar of Yredelemnul.
  5523 | D:6      | Reached ** piety under Sif Muna
  5951 | D:7      | HP: 2/66 [human/+0 long sword (12)]
  5963 | D:7      | Reached skill level 5 in Invocations
  6154 | D:7      | Found an iron altar of Okawaru.
  6251 | D:7      | Noticed Pikel
  6261 | D:7      | Killed Pikel
  6351 | D:7      | Found a hide-covered altar of Uskayaw.
  6351 | D:7      | Noticed a +0 hand axe
  6353 | D:7      | Noticed a +0 dagger
  6377 | D:7      | Reached skill level 5 in Fighting
  6377 | D:7      | Reached skill level 5 in Short Blades
  6377 | D:7      | Reached skill level 5 in Long Blades
  6377 | D:7      | Reached skill level 5 in Axes
  6377 | D:7      | Reached skill level 5 in Maces & Flails
  6377 | D:7      | Reached skill level 5 in Polearms
  6377 | D:7      | Reached skill level 5 in Staves
  6377 | D:7      | Reached skill level 5 in Ranged Weapons
  6377 | D:7      | Reached skill level 5 in Throwing
  6377 | D:7      | Reached skill level 5 in Armour
  6377 | D:7      | Reached skill level 5 in Shields
  6377 | D:7      | Reached skill level 5 in Unarmed Combat
  6377 | D:7      | Reached skill level 5 in Evocations
  6377 | D:7      | Reached XP level 10. HP: 74/74 MP: 20/20
  7593 | D:8      | Found a staircase to the Lair.
  8069 | D:9      | Reached *** piety under Sif Muna
  8499 | D:9      | Reached skill level 5 in Conjurations
  8499 | D:9      | Reached skill level 5 in Hexes
  8499 | D:9      | Reached skill level 5 in Necromancy
  8499 | D:9      | Reached skill level 5 in Translocations
  8499 | D:9      | Reached skill level 5 in Transmutations
  8499 | D:9      | Reached skill level 5 in Fire Magic
  8499 | D:9      | Reached skill level 5 in Ice Magic
  8499 | D:9      | Reached skill level 5 in Air Magic
  8499 | D:9      | Reached skill level 5 in Earth Magic
  8499 | D:9      | Reached skill level 5 in Poison Magic
  8499 | D:9      | Reached XP level 11. HP: 81/81 MP: 5/22
  8636 | D:9      | Found a staircase to the Orcish Mines.
  8642 | D:9      | Learned a level 4 spell: Summon Lightning Spire
  8646 | D:9      | Learned a level 3 spell: Kindle Blastsparks
  8649 | D:9      | Identified 2 scrolls of acquirement
  8653 | D:9      | Acquired the +3 cloak "Erchoapru" {Int+6}
  8660 | D:9      | Acquired the ring "Giddeeff" {Wiz rElec rCorr Dex+2}
  8708 | D:9      | Found a hazy altar of Hepliaklqana.
  8890 | D:9      | Noticed a two-headed ogre
  8900 | D:9      | Killed a two-headed ogre
  9613 | D:10     | Entered Level 10 of the Dungeon
  9707 | D:10     | Identified the ring "Mupn" {rF+ Will+ Str-4 Int+6}
  9718 | D:10     | Noticed a deep elf pyromancer
  9724 | D:10     | Killed a deep elf pyromancer
  9776 | D:10     | Identified the ring "Riluv" {rPois rN+ Int+4}
  9916 | D:10     | Learned a level 3 spell: Mephitic Cloud
  9930 | D:10     | Noticed a white ugly thing
  9937 | D:10     | Killed a white ugly thing
  9949 | D:10     | Reached **** piety under Sif Muna
 10015 | D:10     | Identified the ring "Ralurch" {rPois Will+ Str+4}
 10103 | D:10     | Identified the ring "Fovesh" {Fly Int+7}
 10103 | D:10     | Noticed a tengu warrior
 10116 | D:10     | Killed a tengu warrior
 10370 | D:10     | Noticed a skeletal warrior
 10388 | D:10     | Killed a skeletal warrior
 10731 | D:10     | Found Tiog Gaz's Distillery.
 10737 | D:10     | Bought a potion of degeneration for 16 gold pieces
 10737 | D:10     | Bought a potion of invisibility for 128 gold pieces
 11110 | D:11     | Noticed a two-headed ogre
 11119 | D:11     | Killed a two-headed ogre
 11120 | D:11     | Reached XP level 12. HP: 91/91 MP: 17/24
 11170 | D:11     | Noticed Gastronok
 11181 | D:11     | Killed Gastronok
 11308 | D:11     | Acquired 848 gold pieces
 11337 | D:11     | Found a runed translucent door.
 11338 | D:11     | Noticed Ekaitz's ghost (journeyman DsNe)
 11355 | D:11     | Killed Ekaitz's ghost
 11693 | D:11     | Noticed a two-headed ogre
 11697 | D:11     | Killed a two-headed ogre
 11865 | D:11     | Noticed Psyche
 11873 | D:11     | Killed Psyche
 13201 | D:12     | Found a glowing silver altar of Zin.
 13574 | Lair:1   | Entered Level 1 of the Lair of Beasts
 13790 | Lair:1   | Reached ***** piety under Sif Muna
 13790 | Lair:1   | Received a gift from Sif Muna
 13791 | Lair:1   | Got Sif Muna's Grimoire of Excavation and Battling {god
                  | gift}
 13821 | Lair:1   | Reached XP level 13. HP: 64/98 MP: 26/26
 14113 | Lair:1   | Identified the +1 leather armour "Kopnekh" {Regen+}
 14454 | Lair:2   | Noticed Amaemon
 14463 | Lair:1   | Reached skill level 10 in Summonings
 14667 | Lair:2   | Found a staircase to the Snake Pit.
 14739 | Lair:2   | Noticed Maggie
 14755 | Lair:2   | Killed Maggie
 14848 | Lair:2   | Found a staircase to the Shoals.
 14974 | Lair:2   | Killed Amaemon
 14975 | Lair:2   | Reached skill level 10 in Spellcasting
 15033 | Lair:2   | Got the Catalogue of Fey Hypothermia
 15327 | Lair:2   | Noticed an ice dragon
 15340 | Lair:2   | Killed an ice dragon
 15808 | Lair:3   | Reached skill level 10 in Dodging
 16244 | Lair:3   | Reached skill level 10 in Stealth
 16577 | Lair:3   | Reached XP level 14. HP: 87/107 MP: 28/28
 16578 | Lair:3   | Reached skill level 10 in Invocations
 16793 | Lair:3   | Acquired 741 gold pieces
 17242 | Lair:4   | Noticed Kirke
 17253 | Lair:4   | Killed Kirke
 17267 | Lair:4   | Found a gate leading to a gauntlet.
 17276 | Gauntlet | Entered a Gauntlet
 17276 | Gauntlet | Found a transporter.
 17313 | Gauntlet | Found a transporter.
 17316 | Gauntlet | Found a transporter.
 17317 | Gauntlet | Found a transporter.
 17328 | Gauntlet | Found a transporter.
 17329 | Gauntlet | Found a transporter.
 17330 | Gauntlet | Found a transporter.
 17338 | Gauntlet | Found a transporter.
 17341 | Gauntlet | Found a transporter.
 17342 | Gauntlet | Found a transporter.
 17353 | Gauntlet | Found a transporter.
 17354 | Gauntlet | Found a transporter.
 17358 | Gauntlet | Found a transporter.
 17362 | Gauntlet | Found a transporter.
 17804 | Gauntlet | HP: 4/108 [shot self (6)]
 18113 | Gauntlet | Learned a level 4 spell: Anguish
 18120 | Gauntlet | Learned a level 6 spell: Dispersal
 18186 | Gauntlet | Identified the ring of Roc Noaluc {rF+ rC- rN+ Dex+8}
 18799 | Gauntlet | Identified the +7 war axe of Dominance {freeze, Contam rN+
                  | MP+9 Stlth+}
 18807 | Gauntlet | Slain by a minotaur

Illustrated notes

Levels and vault maps discovered:
D:1:      mrwooster_arrival_statue_2, layout_basic, basic_ecumenical_altar
D:2:      layout_basic
D:3:      layout_rooms, nicolae_wu_jian_immortal_techniques, serial_shops, shop
D:4:      layout_loops_ring, mainiacjoe_overflow_alcove_1,
          minmay_temple_entry_offerings
D:5:      layout_rooms, lemuel_doored_altar, hangedman_decor_points,
          uniq_sigmund
D:6:      layout_loops_ring, lemuel_mausoleum_altar_yredelemnul
D:7:      layout_rooms, okawaru_humans, dancing_weapons_uskayaw, minmay_holes,
          uniq_pikel
D:8:      layout_loops_ring, grunt_lair_entry_orc_guard_hut, serial_rivers,
          chequers_serial_rivers_small_a, chequers_serial_rivers_small_b,
          chequers_serial_rivers_large_a, chequers_serial_rivers_room_a,
          chequers_serial_rivers_small_a, bh_walls_and_bars
D:9:      layout_irregular_city, lemuel_round_altar, orc_0_dummy
D:10:     minmay_the_grid_triangle_9x9_recursive_2_mashed
          [minmay_the_grid_triangle_9x9_prize_special,
          minmay_the_grid_triangle_9x9_negative_grid,
          minmay_the_grid_triangle_9x9_skeleton,
          minmay_the_grid_triangle_9x9_corruption], layout_loops_ring,
          serial_shops, shop, chequers_serial_rivers_marsh, minivault_4
D:11:     layout_stronghold, gammafunk_ghost_grave, uniq_psyche, uniq_gastronok
D:12:     layout_irregular_city, zin_academy
Temple:   hellmonk_temple_divided_pantheon
Lair:1:   layout_misc_corridors, minmay_lair_oklob_items, beast_lair_carwin_1,
          grunt_megastairs_2
Lair:2:   dragon1_lemuel, layout_big_grid, minmay_shoals_entry_lonely_mermaid,
          minmay_snake_entry_six_corridors, serial_bayou_shore_b, uniq_amaemon,
          uniq_maggie
Lair:3:   cheibrodos_magma_flow, layout_chaotic_city
Lair:4:   layout_regular_city, slime_entry_1, gauntlet_entry_generic, uniq_kirke
Gauntlet: gammafunk_gauntlet_77_escape_option
          [minmay_gauntlet_arena_77_double_cross,
          minmay_gauntlet_arena_77_p_blocks, minmay_gauntlet_arena_77_fan,
          minmay_gauntlet_arena_77_two_lines,
          minmay_gauntlet_arena_77_two_paths, gauntlet_exit_hidden_loot]

Skill      XL: |  1  2  3  4  5  6  7  8  9 10 11 12 13 14 |
---------------+-------------------------------------------+-----
Spellcasting   | 5 6 7 8 9 10 | 10.8
Invocations    | 1 2 3 4 5 6 7 8 9 10 | 10.4
Fighting       | 1 2 3 5 6 7 8 9 |  9.6
Short Blades   | 1 2 3 5 6 7 8 9 |  9.6
Long Blades    | 1 2 3 5 6 7 8 9 |  9.6
Axes           | 1 2 3 5 6 7 8 9 |  9.6
Maces & Flails | 1 2 3 5 6 7 8 9 |  9.6
Polearms       | 1 2 3 5 6 7 8 9 |  9.6
Staves         | 1 2 3 5 6 7 8 9 |  9.6
Ranged Weapons | 1 2 3 5 6 7 8 9 |  9.6
Throwing       | 1 2 3 5 6 7 8 9 |  9.6
Armour         | 1 2 3 5 6 7 8 9 |  9.6
Shields        | 1 2 3 5 6 7 8 9 |  9.6
Unarmed Combat | 1 2 3 5 6 7 8 9 |  9.6
Evocations     | 1 2 3 5 6 7 8 9 |  9.6
Conjurations   | 1 2 3 4 5 6 7 8 |  8.0
Hexes          | 1 2 3 4 5 6 7 8 |  8.0
Necromancy     | 1 2 3 4 5 6 7 8 |  8.0
Translocations | 1 2 3 4 5 6 7 8 |  8.0
Transmutations | 1 2 3 4 5 6 7 8 |  8.0
Fire Magic     | 1 2 3 4 5 6 7 8 |  8.0
Ice Magic      | 1 2 3 4 5 6 7 8 |  8.0
Air Magic      | 1 2 3 4 5 6 7 8 |  8.0
Earth Magic    | 1 2 3 4 5 6 7 8 |  8.0
Poison Magic   | 1 2 3 4 5 6 7 8 |  8.0
Dodging        | 5 6 7 8 9 10 | 10.6
Stealth        | 5 6 7 8 9 10 | 10.5
Summonings     | 8 9 10 | 10.7

Action                   |  1- 3 |  4- 6 |  7- 9 | 10-12 | 13-15 || total
-------------------------+-------+-------+-------+-------+-------++-------
 Fire: Sling             |    43 |    48 |   133 |   355 |   331 ||   910
 Cast: Summon Small Mamm |    24 |     2 |     1 |     2 |       ||    29
       Call Imp          |    11 |     5 |    27 |     8 |     1 ||    52
       Call Canine Famil |     1 |     6 |    28 |    32 |    22 ||    89
       Hailstorm         |       |       |     2 |     4 |       ||     6
       Inner Flame       |       |       |     3 |    14 |     1 ||    18
       Summon Lightning  |       |       |       |    25 |    39 ||    64
       Mephitic Cloud    |       |       |       |     2 |     2 ||     4
       Kindle Blastspark |       |       |       |     1 |     3 ||     4
       Anguish           |       |       |       |       |     3 ||     3
  Use: Potion            |       |       |     4 |       |     1 ||     5
       Scroll            |       |       |       |    10 |     3 ||    13
Armor: Robe              |     9 |     2 |     5 |    34 |    42 ||    92
Dodge: Dodged            |    33 |    12 |    52 |   156 |   107 ||   360
Block: Other             |       |     3 |    11 |    39 |    35 ||    88
       Reflection        |       |     1 |     1 |     5 |     1 ||     8

Table legend: (Time is in decaauts)
 A = Elapsed time spent in this place.
 B = Non-inter-level travel time spent in this place.
 C = Inter-level travel time spent in this place.
 D = Time resting spent in this place.
 E = Time spent auto-exploring this place.
 F = Levels seen in this place.
 G = Mean time per level.
                   A        B        C        D        E       F      G
               +--------+--------+--------+--------+--------+-----+--------+
         Total |  19382 |  18332 |   1050 |   1691 |  12687 |  18 | 1076.8 |
       Dungeon |  13788 |  13000 |    788 |   1037 |   9584 |  12 | 1149.0 |
        Temple |     49 |     45 |      4 |      0 |      6 |   1 |   49.0 |
          Lair |   3946 |   3689 |    257 |     62 |   2799 |   4 |  986.5 |
      Gauntlet |   1598 |   1598 |      0 |    592 |    298 |   1 | 1598.0 |
               +--------+--------+--------+--------+--------+-----+--------+

Top non-repeatable levels by time:
Gauntlet: 1598 daAuts
     D:9: 1577 daAuts
    D:11: 1573 daAuts
     D:8: 1472 daAuts
  Lair:3: 1421 daAuts
    D:10: 1383 daAuts
  Lair:2: 1327 daAuts
     D:6: 1217 daAuts
     D:4: 1094 daAuts
     D:5: 1065 daAuts
     D:2: 1055 daAuts
  Lair:1: 1013 daAuts
    D:12: 1007 daAuts
     D:7: 930 daAuts
     D:3: 706 daAuts
